 Dungeon Crawl Stone Soup version 0.29.1-13-g9f3cf754e1 (webtiles) character file.

Game seed: 2024325275447603602

182 Kold the Trooper (level 5, 0/42 HPs)
             Began as a Demonspawn Monk on Feb 1, 2023.
             Slain by an ufetubus (3 damage)
             ... on level 4 of the Dungeon.
             The game lasted 00:03:53 (3158 turns).

Kold the Trooper (Demonspawn Monk)                  Turns: 3158, Time: 00:03:54

Health: 0/42       AC:  3    Str: 11    XL:     5   Next: 35%
Magic:  5/5        EV: 13    Int: 12    God:
Gold:   162        SH:  4    Dex: 17    Spells: 4/4 levels left

rFire   . . .      SeeInvis .   a - +0 mace
rCold   . . .      Faith    .   (no shield)
rNeg    . . .      Spirit   .   b - +0 robe
rPois   .          Reflect  .   (no helmet)
rElec   .          Harm     .   (no cloak)
rCorr   .          Rampage  .   i - +0 pair of gloves
Will    .....                   (no boots)
Stlth   ++........              (no amulet)
HPRegen 0.14/turn               (no ring)
MPRegen 0.09/turn               (no ring)

@: no status effects
A: condensation shield, weakness stinger 1
a: no special abilities


You were on level 4 of the Dungeon.
You visited 1 branch of the dungeon, and saw 4 of its levels.

You collected 162 gold pieces.

Inventory:

Hand Weapons
 a - a +0 mace (weapon)
Armour
 b - a +0 robe (worn)
 i - a +0 pair of gloves (worn)
Jewellery
 l - a ring of fire
 m - a ring of ice
 o - a ring of ice
Scrolls
 e - a scroll of teleportation
 f - 2 scrolls of identify {unknown}
 h - a scroll of immolation {unknown}
 j - a scroll of noise
 k - a scroll of fog {unknown}
 n - a scroll of enchant armour {unknown}
 p - a scroll of fear {unknown}
Potions
 c - a potion of ambrosia
 d - a potion of might {unknown}
 g - 2 potions of attraction {unknown}
 q - a potion of cancellation {unknown}


   Skills:
 + Level 4.0 Fighting
 + Level 3.6 Maces & Flails
 + Level 3.5 Dodging
 + Level 3.1 Stealth


You had 4 spell levels left.
You didn't know any spells.
Your spell library contained the following spells:

 Spells                   Type           Power      Damage    Failure   Level
 Scorch                   Fire           0%         2d5       45%         2
 Flame Wave               Conj/Fire      0%         2d4       97%         4
 Summon Cactus Giant      Summ           0%         N/A       100%        6


Dungeon Overview and Level Annotations

Branches:
Dungeon (4/15)
 Temple: D:4-7

Altars:
Fedhas
Kikubaaqudgha
Vehumet


Innate Abilities, Weirdness & Mutations

A meltable shield of frost defends you. (SH +4)
You have a small tail.


Message History

The ufetubus is moderately wounded.
The ufetubus closely misses you. You block the ufetubus's attack.
You block the hobgoblin's attack. The ufetubus barely misses you.
The ufetubus hits you but does no damage.
You hit the ufetubus.
Your tail-slap misses the ufetubus.
The ufetubus is severely wounded.
The ufetubus hits you but does no damage.
The ufetubus hits you. The hobgoblin barely misses you.
You block the ufetubus's attack. The ufetubus hits you.
The hobgoblin completely misses you. The hobgoblin attacks as you move away!
The hobgoblin hits you. The ufetubus hits you. x2
The ufetubus closely misses you. The ufetubus barely misses you.
The hobgoblin attacks as you move away! The hobgoblin closely misses you.
The dart slug launches a dart at you. The slug dart hits you.
* * * LOW HITPOINT WARNING * * *
The ufetubus hits you but does no damage.
You block the ufetubus's attack.
You closely miss the ufetubus.
The ufetubus is severely wounded.
You block the ufetubus's attack. The ufetubus hits you.
* * * LOW HITPOINT WARNING * * *
The ufetubus closely misses you. The ufetubus barely misses you.
You hit the ufetubus but do no damage.
Your tail-slap misses the ufetubus.
The ufetubus is heavily wounded.
The ufetubus barely misses you. x2
You closely miss the ufetubus.
The ufetubus is heavily wounded.
The ufetubus closely misses you. The ufetubus misses you.
The ufetubus closely misses you. The ufetubus hits you.
* * * LOW HITPOINT WARNING * * *
You closely miss the ufetubus.
The ufetubus is heavily wounded.
You block the ufetubus's attack. The ufetubus hits you.
* * * LOW HITPOINT WARNING * * *
The ufetubus hits you.
* * * LOW HITPOINT WARNING * * *
The ufetubus hits you.
You die...

###.#..)....≈≈≈≈≈≈..
#.............§§§...
#.####..§≈........[.
#.#####..≈..........
#.##...(............
#.##.##.#.....§.§...
#.##.##.##..g≈≈§....
#.......####5####...
####.#####..@# ##
#.#####.###
#.......# #..####.#
#.....#.# ##.##.#.#
#.##.#.# #......#
####.###


You could see an ufetubus and a hobgoblin.

Vanquished Creatures
  A black bear (D:3)
  3 adders (D:2)
  A worm (D:2)
  2 dart slugs (D:1)
  3 orcs
  9 ball pythons
  10 endoplasms
  3 giant cockroaches
  7 goblins
  3 hobgoblins (D:1)
  2 quokkas
  6 bats
  2 frilled lizards
  4 kobolds
  5 rats
61 creatures vanquished.

Vanquished Creatures (others)
  7 fungi (D:3)
  6 plants
13 creatures vanquished.

Grand Total: 74 creatures vanquished

Notes
Turn   | Place    | Note
-------+----------+-------------------------------------------
     0 | D:1      | Kold the Demonspawn Monk began the quest for the Orb.
     0 | D:1      | Reached XP level 1. HP: 18/18 MP: 1/1
   206 | D:1      | You fall into a shaft and drop 1 floor!
   313 | D:1      | Gained mutation: A meltable shield of frost defends you.
                  | (SH +4) [demonic ancestry]
   313 | D:1      | Reached XP level 2. HP: 24/24 MP: 2/2
   674 | D:1      | Reached XP level 3. HP: 26/29 MP: 3/3
  1737 | D:2      | Reached XP level 4. HP: 33/35 MP: 4/4
  1836 | D:3      | Found a blossoming altar of Fedhas.
  2047 | D:3      | Found a radiant altar of Vehumet.
  2047 | D:3      | Found an ancient bone altar of Kikubaaqudgha.
  2083 | D:3      | Noticed a black bear
  2114 | D:4      | Noticed a black bear
  2804 | D:3      | Killed a black bear
  2805 | D:3      | Reached skill level 4 in Fighting
  2805 | D:3      | Gained mutation: You have a small tail. [demonic ancestry]
  2805 | D:3      | Reached XP level 5. HP: 10/42 MP: 5/5
  3158 | D:4      | Slain by an ufetubus

Illustrated notes

Levels and vault maps discovered:
D:1:      minmay_arrival_stone_box, layout_loops_ring
D:2:      layout_rooms, minmay_shallow_snake_nest
D:3:      layout_rooms, fedhas_altar_3,
          chequers_temple_overflow_statue_of_worship, serial_corexii_hall,
          corexii_hall_statues_x, corexii_hall_statues_u, minmay_unequal
D:4:      layout_loops_cross, gammafunk_ghost_stat_death,
          kennysheep_decorative_pillar

Skill      XL: |  1  2  3  4 |
---------------+-------------+-----
Stealth        | 2 3 |  3.1
Maces & Flails | 3 |  3.6
Dodging        | 3 |  3.5
Fighting       | 4 |  4.0

Action                   |  1- 3 |  4- 6 || total
-------------------------+-------+-------++-------
Melee: Mace              |   123 |    76 ||   199
       Tailslap          |       |     1 ||     1
  Use: Scroll            |       |     2 ||     2
 Stab: Sleeping          |     6 |     3 ||     9
Armor: Robe              |    27 |    20 ||    47
Dodge: Dodged            |    93 |    70 ||   163
Block: Other             |    17 |    24 ||    41
